Unix xNetHack Version 7.1.0 - last build Jul 4 2022 02:09:00 (ec8469f2eb63cac24863ec985b09651f3a72bf9f). Game began 2022-07-11 20:26:03, ended 2022-07-11 20:39:27. Raisse, neutral female gnomish Wizard ---.-- |....| #....| -.| .....| --............--- ---.| #### .....| |...............| |...-- #*## ##...--- |.........-.....|--.|..----- -#-# ##....- |............. |..|-.....| -.- |..... ----...--............. |<------..-----. ...|.---- ..... --..>.........--......0.....-- -.....G. -.......---#.... --..--.--.....................| |..----- -.....|..........--^.-- -.......-.....*[.--.-- ---- ......--------.....[-- ................--|.| -.|.....-----|....... .....------...|.---.| ----.........--...............- |.....| ...----....................| ----..| ..---......^.......-- ...| ..| ----............| -..| --..........-- ---- --------.--- Raisse the Thaumaturge St:9 Dx:14 Co:15 In:19 Wi:12 Ch:11 Neutral Dlvl:8 $:72 HP:0(45) Pw:54(83) AC:9 Xp:6/422 T:4011 Latest messages: The lizard bites! You miss the lizard. The lizard bites! You jab the lizard. The lizard bites! You hit the lizard. The lizard bites! You hit the lizard! You stab the lizard. The lizard bites! You kill the lizard! i - a lizard corpse {10}. The lichen recoils from your copper runed daggers! You kill the lichen! j - a lichen corpse {20}. You hear crashing rock. You swap places with the peaceful dwarf. You swap places with the peaceful dwarf. k - a scroll labeled VERR YED HORRE {5}. l - a scroll labeled HACKEM MUCHE {5}. You swap places with the peaceful gnome. The blast of frost hits you! The blast of frost bounces! The blast of frost hits you! In what direction? l The blast of frost hits you! The blast of frost bounces! In what direction? h The spell hits it. In what direction? h The spell hits it. The blast of frost hits you! The blast of frost bounces! The blast of frost hits you! The blast of frost hits it. The blast of frost hits you! Wizard, your life force is running out. The blast of frost bounces! The blast of frost hits it. The blast of frost hits you! In what direction? h The spell hits it. You kill it! The blast of frost hits you! You die... Do you want your possessions identified? [ynq] (y) y Do you want to see your attributes? [ynq] (y) y Do you want an account of creatures vanquished? [ynaq] (y) y Do you want to see your conduct and achievements? [ynq] (y) y Do you want to see the dungeon overview? [ynq] (y) y Major events: Turn 1: Raisse the neutral female gnomish Wizard entered the dungeon 528: entered the Gnomish Mines 1492: attained the rank of Conjurer (level 3) 2634: reached Mine Town 3867: attained the rank of Thaumaturge (level 6) 4011: killed by a blast of frost Inventory: Inventory: 599/650 weight (39/52 slots) Coins $ - 72 gold pieces {1} Weapons a - 3 uncursed +0 elven daggers (wielded) {30} b - an uncursed +0 orcish dagger {10} n - an uncursed +1 silver knife {5} w - an uncursed +0 knife {5} A - a blessed +1 quarterstaff {40} I - a blessed +0 trident {25} K - an uncursed +0 dagger (alternate weapon; not wielded) {10} O - a cursed -1 orcish dagger {10} Armor C - an uncursed +0 cloak of magic resistance (being worn) {8} F - a cursed rusty -1 orcish helm {30} H - an uncursed +0 wooden orcish helm (being worn) {9} Comestibles i - an uncursed lizard corpse {10} j - an uncursed lichen corpse {20} v - 2 uncursed pears {4} z - an uncursed orange {2} L - an uncursed lizard corpse named the Lizard of Yendor {10} X - an uncursed tripe ration {10} Scrolls g - an uncursed scroll of create monster {5} k - a cursed scroll of remove curse {5} l - an uncursed scroll of water {5} D - a cursed scroll of destroy armor {5} Q - a cursed scroll of magic mapping {5} S - 2 uncursed scrolls of identify {10} U - an uncursed scroll of enchant armor {5} V - an uncursed scroll of food detection {5} Spellbooks c - a blessed spellbook of force bolt {35} d - a blessed spellbook of magic missile {40} e - an uncursed spellbook of healing {35} f - an uncursed spellbook of drain life {45} Potions o - an uncursed potion of fruit juice {20} q - a cursed potion of oil {20} J - an uncursed potion of gain energy {20} T - an uncursed potion of water named plain {20} W - an uncursed potion of object detection {20} Tools h - an uncursed plastic leash {16} x - an uncursed tin opener {4} E - an uncursed gold pea whistle {5} R - an uncursed mirror {13} Y - an empty uncursed leather sack {22} Raisse the Wizard's attributes: Background: You were a Thaumaturge, a level 6 female gnomish Wizard. You were neutral, on a mission for Thoth who was opposed by Ptah (lawful) and Anhur (chaotic). You were bisexual. You were in the Gnomish Mines, on level 8. You entered the dungeon 4011 turns ago. You had 422 experience points, 218 more were needed to attain level 7. Basics: You had 0 out of 45 hit points. You had 54 out of 83 energy points (spell power). Your armor class was 9. Your wallet contained 72 zorkmids. Autopickup was on for '$!?/"=+' plus thrown, with exceptions. Final Characteristics: Your strength was 9 (limit:18/50). Your dexterity was 14 (limit:18). Your constitution was 15 (limit:18). Your intelligence was 19 (limit:19). Your wisdom was 12 (limit:18). Your charisma was 11 (limit:18). Final Status: You were not hungry. You were unencumbered. You were wielding daggers. You had basic skill with dagger. Final Attributes: You were piously aligned. You were magic-protected. You were poison resistant. You had infravision. You were warded. You are dead. Miscellaneous: You never encountered a bones level. Total elapsed playing time was 13 minutes and 23 seconds. Vanquished creatures: a giant beetle a winter wolf cub a giant spider 2 lizards a dust vortex an orc shaman an elf zombie a little dog a kitten 2 dwarves 3 hill orcs a rothe an orc zombie 2 iguanas an acid blob a coyote a gas spore 7 hobbits a large kobold 2 giant rats 2 cave spiders a brown mold a yellow mold a gnome 5 geckos 11 jackals a fox a kobold 2 goblins 6 grid bugs 3 lichens a kobold zombie 7 newts 74 creatures vanquished. No species were genocided or became extinct. Voluntary challenges: You were illiterate. You never genocided any monsters. You never polymorphed an object. You never changed form. You never touched an artifact. You used no wishes. You never scared an enemy with impunity. You were celibate. You never generated conflict. Achievements: You entered the Gnomish Mines. You attained the rank of Conjurer. You entered Minetown. You entered a temple. You entered a shop. You attained the rank of Thaumaturge. The Dungeons of Doom: levels 1 to 3 Level 1: Level 2: An altar, some fountains, a sink. Stairs down to The Gnomish Mines. Level 3: The Gnomish Mines: levels 3 to 9 Level 3: Level 4: Level 5: Level 6: Some shops, a temple, some fountains. Level 7: Level 8: <- You were here. Final resting place for you, killed by a blast of frost. Level 9: Game over: __________ / \ / REST \ / IN \ / PEACE \ / \ | Raisse | | 72 Au | | killed by a | | blast of frost | | | | | | 2022 | *| * * * | * _________)/\\_//(\/(/\)/\//\/|_)_______ Goodbye Raisse the Wizard... You died in The Gnomish Mines on dungeon level 8 with 2163 points, and 72 pieces of gold, after 4011 moves. You were level 6 with a maximum of 45 hit points when you died.